 Dungeon Crawl Stone Soup version 0.32-a0-614-gd166fa89d2 (webtiles) character file.

Game seed: 14058728444974251914

29 Dirtsage the Insei (level 3, 29/29 HPs)
             Began as a Demonspawn Monk on Mar 6, 2024.
             Quit the game on level 1 of the Dungeon.
             The game lasted 00:01:06 (656 turns).

Dirtsage the Insei (Demonspawn Monk)                 Turns: 656, Time: 00:01:07

Health: 29/29      AC:  2    Str: 13    XL:     3   Next: 1%
Magic:  3/3        EV: 12    Int: 10    God:
Gold:   41         SH:  0    Dex: 15    Spells: 2/2 levels left

rFire   . .          .
                       - Unarmed
rCold   . . .        c - orb {light}
rNeg    . . .        a - +0 robe
rPois   .            (no helmet)
rElec   .            (no cloak)
rCorr   .            (no gloves)
SInv    .            (no boots)
Will    .....        (no amulet)
Stlth   +            (no ring)
HPRegen 0.24/turn    (no ring)
MPRegen 0.08/turn

%: no passive effects
@: glowing
A: demonic magic 1, weakness stinger 1
a: no special abilities


You were on level 1 of the Dungeon.
You visited 1 branch of the dungeon, and saw 1 of its levels.

You collected 41 gold pieces.

Inventory:

Armour
 a - a +0 robe (worn)
 c - an orb of light (worn)
Scrolls
 d - a scroll of enchant armour {unknown}
 e - a scroll of identify {unknown}
 h - a scroll of immolation {unknown}
Potions
 b - a potion of ambrosia
 f - a potion of attraction {unknown}
 g - a potion of heal wounds {unknown}


   Skills:
 - Level 3.0 Fighting
 - Level 2.6 Dodging
 + Level 3.8 Unarmed Combat


You had 2 spell levels left.
You didn't know any spells.
Your spell library was empty.

Dungeon Overview and Level Annotations

Branches:
Dungeon (1/15)

Altars:


Innate Abilities, Weirdness & Mutations

Spells you cast may paralyse adjacent enemies.
You have a small tail.


Message History

You see here a rat corpse.
You see here a +0 leather armour.
You see here a +0 leather armour.
You now have 14 gold pieces (gained 3).
You see here a rat corpse.
You now have 26 gold pieces (gained 12).
You open the door.
There is an open door here.
You see here 3 stones.
There is an open door here.
There is an open door here.
You see here a +0 dagger.
You see here a +0 leather armour.
A hobgoblin comes into view.
The hobgoblin shouts!
An endoplasm comes into view.
The endoplasm quivers.
The endoplasm hits you but does no damage.
You hit the endoplasm.
You kill the endoplasm!
The hobgoblin barely misses you.
You hit the hobgoblin.
You kill the hobgoblin!
No target in view!
You now have 41 gold pieces (gained 15).
You open the door.
A ball python and a hobgoblin come into view.
The ball python hisses angrily.
The hobgoblin shouts!
The ball python moves out of view.
There is an open door here.
The hobgoblin barely misses you.
You punch the hobgoblin!
You kill the hobgoblin!
You have reached level 3!
Your experience leads to an increase in your attributes!
Increase (s)trength, (i)ntelligence, or (d)exterity?
You feel stronger. x2; Your demonic ancestry asserts itself...
A menacing aura infuses your magic.
Health restored: 29; MP restored: 3 Are you sure you want to abandon this character and quit the game? (Confirm with "yes".)

###...# # ....... #.#.#
# ....... #.#.## .?.....
#.#.[## .......
#.##..#### .......
#.###..).# .......
#######.######..
......†##.......†....#..
.......@'............#.#
.......##............###
....!.. #.............##
....S.. ###########...##
....... #...## .......
#...# ....... #####
####### ##### #....


You could see a ball python.

Vanquished Creatures
  A gnoll (D:1)
  2 ball pythons (D:1)
  A bat (D:1)
  2 endoplasms (D:1)
  2 giant cockroaches (D:1)
  2 hobgoblins (D:1)
  2 jackals (D:1)
  A goblin (D:1)
  2 kobolds (D:1)
  2 rats (D:1)
17 creatures vanquished.

Notes
Turn   | Place    | Note
-------+----------+-------------------------------------------
     0 | D:1      | Dirtsage the Demonspawn Monk began the quest for the Orb.
     0 | D:1      | Reached XP level 1. HP: 18/18 MP: 1/1
   227 | D:1      | Discovered your monstrous ancestry.
   227 | D:1      | Gained mutation: You have a small tail. [demonic ancestry]
   227 | D:1      | Reached XP level 2. HP: 17/24 MP: 2/2
   656 | D:1      | Gained mutation: Spells you cast may paralyse adjacent
                  | enemies. [demonic ancestry]
   656 | D:1      | Reached XP level 3. HP: 29/29 MP: 3/3
   656 | D:1      | Quit the game

Illustrated notes

Levels and vault maps discovered:
D:1:      lightli_arrival_statuegarden, layout_basic, st_stairs_6,
          amcnicky_mini_corridor_feature

Skill      XL: |  1 |
---------------+----+-----
Unarmed Combat | 3 |  3.8
Fighting       | |  3.0
Dodging        | |  2.6

Action                     || total
---------------------------++-------
  Melee: Unarmed           ||    43
         Tailslap          ||     3
 Armour: Robe              ||    33
  Dodge: Dodged            ||    20

Table legend: (Time is in decaauts)
 A = Elapsed time spent in this place.
 B = Non-inter-level travel time spent in this place.
 C = Inter-level travel time spent in this place.
 D = Time resting spent in this place.
 E = Time spent auto-exploring this place.
 F = Levels seen in this place.
 G = Mean time per level.
                   A        B        C        D        E       F      G
               +--------+--------+--------+--------+--------+-----+--------+
         Total |    653 |    653 |      0 |     64 |    492 |   1 |  653.0 |
       Dungeon |    653 |    653 |      0 |     64 |    492 |   1 |  653.0 |
               +--------+--------+--------+--------+--------+-----+--------+

Top non-repeatable levels by time:
     D:1: 653 daAuts
